Map: Turbo Cruise '84 LE

Players

Harstem

  • Race: Protoss Protoss
  • Spawn Location: 7:00

Nerchio - Winner!

  • Race: Zerg Zerg
  • Spawn Location: 3:00

Event: 2019 WCS Summer

VOD

Have the link to the VOD?

Description

Time

  • Played on: July 12, 2019, 10:42 a.m.
  • Length: 8:45

All games in this series

Show
View Real Time Build Order
Export as new Build Order

Harstem Protoss 

Build Orders: Oracle Opening 

Get SALT Encoding   

  12  0:00  Probe  
  13  0:12  Probe  
  14  0:18  Pylon  
  14  0:24  Probe  
  15  0:32  Probe  
  15  0:38  Gateway  
  15  0:40  Probe  
  17  0:51  Probe  
  18  0:57  Forge  
  18  1:03  Probe  
  19  1:05  Assimilator  
  19  1:15  Probe  
  20  1:26  Cybernetics Core  
  20  1:30  Pylon  
  20  1:41  Pylon  
  20  1:42  Pylon  
  20  1:50  Photon Cannon  
  20  1:56  Photon Cannon  
  20  1:58  Adept  
  20  2:00  Pylon  
  20  2:07  Probe  
  23  2:19  Probe  
  24  2:32  Nexus  
  24  2:36  Probe  
  25  2:38  Assimilator  
  25  2:41  Adept  
  25  2:46  Pylon  
  27  2:52  Probe  
  28  2:59  Stargate  
  28  3:01  Stalker  
  28  3:04  Probe  
  31  3:26  Probe  
  31  3:31  Warp Gate  
  31  3:38  Probe  
  34  3:48  Oracle  
  34  3:49  Probe  
  34  3:53  Probe  
  37  4:01  Probe  
  38  4:05  Probe  
  39  4:10  Shield Battery  
  39  4:13  Probe, Pylon  
  40  4:18  Probe  
  40  4:19  Oracle, Pylon  
  41  4:26  Probe  
  41  4:30  Probe  
  46  4:38  Probe  
  47  4:40  Robotics Facility  
  47  4:42  Probe  
  48  4:46  Pylon  
  48  4:50  Probe  
  49  4:54  Assimilator, Probe  
  49  4:55  Pylon  
  49  4:59  Assimilator  
  50  5:02  Probe  
  50  5:06  Probe  
  52  5:11  Probe, Twilight Council  
  52  5:12  Pylon  
  52  5:18  Probe  
  52  5:19  Probe  
  55  5:28  Probe  
  55  5:30  Probe, Immortal  
  61  5:47  Probe, Nexus  
  63  5:50  Sentry, Pylon  
  63  5:56  Charge  
  64  5:59  Probe  
  64  6:00  Probe  
  64  6:01  Immortal  
  66  6:09  Protoss Ground Weapons Level 1  
  66  6:10  Gateway  
  67  6:15  Probe  
  67  6:16  Probe  
  72  6:27  Sentry, Probe  
  72  6:28  Probe  
  76  6:34  Immortal  
  76  6:35  Gateway  
  76  6:38  Gateway  
  77  6:40  Probe  
  77  6:41  Probe  
  82  6:52  Probe, Sentry  
  82  6:53  Probe  
  86  7:02  Templar Archives  
  86  7:04  Probe x2  
  86  7:05  Probe  
  93  7:16  Probe, Warp Prism  
  93  7:17  Probe  
  93  7:18  Probe  
  93  7:20  Assimilator  
  93  7:22  Photon Cannon  
  96  7:23  Assimilator  
  96  7:31  Gateway  
  96  7:34  Zealot, Shield Battery, Gateway  
  96  7:37  Zealot  
  96  7:39  Zealot, Shield Battery  
  96  7:43  Probe  
  99  7:53  Zealot  
  105  8:00  Zealot x3  
  105  8:05  Probe  
  100  8:10  Gateway  
  99  8:13  Gateway  
  99  8:15  Gateway  
  99  8:17  Shield Battery  
  99  8:18  Shield Battery  
  99  8:19  Shield Battery, Gateway  
  99  8:20  Pylon  
  99  8:21  High Templar  
  99  8:25  Pylon  
  96  8:27  High Templar x2, Pylon  
  96  8:29  Pylon  
  96  8:30  High Templar  
  101  8:34  Archon  
Show
View Real Time Build Order
Export as new Build Order

Nerchio Zerg - Winner!

Build Orders: Hatch First, Swarm Host 

Get SALT Encoding   

  12  0:00  Drone  
  13  0:12  Overlord  
  13  0:17  Drone  
  14  0:30  Drone x2  
  16  0:49  Hatchery  
  15  0:52  Drone  
  15  0:56  Drone  
  17  0:59  Drone  
  18  1:07  Extractor  
  17  1:14  Spawning Pool  
  17  1:18  Drone  
  17  1:21  Drone  
  18  1:28  Drone  
  19  1:39  Drone  
  21  2:03  Hatchery  
  21  2:06  Metabolic Boost  
  20  2:09  Hatchery  
  20  2:15  Queen  
  21  2:25  Overlord  
  21  2:27  Drone  
  21  2:43  Zergling x2  
  23  2:44  Zergling x2  
  23  2:47  Drone  
  23  2:51  Queen  
  26  2:59  Drone  
  27  3:08  Zergling x2  
  28  3:30  Drone x2  
  28  3:31  Drone x4, Queen  
  28  3:32  Queen  
  38  3:44  Zergling x4  
  38  3:46  Overlord  
  40  3:49  Drone  
  40  3:51  Drone  
  40  3:53  Spore Crawler  
  40  3:54  Spore Crawler  
  40  3:57  Drone  
  40  4:02  Drone, Spore Crawler  
  41  4:05  Drone  
  41  4:08  Drone  
  43  4:14  Overlord  
  43  4:20  Overlord  
  43  4:32  Drone  
  43  4:33  Drone x6  
  50  4:39  Drone  
  50  4:40  Drone  
  50  4:42  Drone x2  
  50  4:43  Drone  
  55  4:51  Roach Warren  
  53  4:55  Lair  
  53  4:57  Drone  
  54  5:00  Overlord  
  54  5:02  Drone  
  54  5:06  Overlord  
  55  5:07  Overlord  
  55  5:16  Extractor  
  55  5:20  Drone x4  
  55  5:21  Drone x4  
  61  5:28  Drone x3  
  64  5:29  Extractor  
  63  5:38  Drone x3, Extractor  
  65  5:43  Roach  
  65  5:44  Evolution Chamber, Roach x3  
  65  5:48  Overlord  
  70  5:55  Glial Reconstitution  
  70  5:58  Roach x2  
  70  5:59  Infestation Pit  
  70  6:02  Overlord  
  73  6:11  Drone x4  
  75  6:20  Queen  
  77  6:26  Zerg Missile Weapons Level 1  
  77  6:28  Roach x5  
  87  6:35  Overlord x2  
  87  6:51  Swarm Host x3  
  87  6:52  Swarm Host x2  
  101  6:55  Swarm Host  
  104  7:01  Swarm Host  
  107  7:08  Swarm Host  
  107  7:13  Overlord x3  
  107  7:15  Extractor  
  109  7:19  Roach  
  109  7:20  Roach  
  113  7:26  Spine Crawler  
  112  7:31  Overseer  
  112  7:33  Zergling x6  
  112  7:34  Zergling x18  
  124  7:37  Swarm Host  
  124  7:39  Swarm Host  
  129  7:45  Ravager x2  
  129  7:50  Overlord  
  129  7:51  Overlord  
  130  8:00  Roach x4  
  130  8:05  Roach  
  137  8:07  Overlord x2  
  134  8:16  Roach x3  
  134  8:19  Ravager x3  
  143  8:24  Roach x3  
Tags
 
Add a new tag
Caveats
  • Supply blocks, unpowered buildings, or Contaminate may cause inaccurate times.
  • Supply counts are checked every 10 seconds.